 Dungeon Crawl Stone Soup version 0.26-a0-466-g989023bd0d (webtiles) character file.

Game seed: 3267691229777358634

2594 gruber the Destroyer (level 9, -3/58 HPs)
             Began as an Octopode Conjurer on Aug 8, 2020.
             Was an Initiate of Vehumet.
             Slain by a hippogriff (5 damage)
             ... on level 8 of the Dungeon.
             The game lasted 00:13:39 (9553 turns).

gruber the Destroyer (Octopode Conjurer)            Turns: 9553, Time: 00:13:39

Health: -3/58      AC:  1    Str:  6    XL:     9   Next: 58%
Magic:  8/18       EV: 14    Int: 23    God:    Vehumet [......]
Gold:   604        SH:  0    Dex: 11    Spells: 17/20 levels left

rFire    . . .     SeeInvis .   E - +2 dagger (venom)
rCold    + . .     Faith    .   (no shield)
rNeg     . . .     Spirit   .   (helmet restricted)
rPois    .         Reflect  .   (no amulet)
rElec    .         Harm     .   r - ring of protection from cold
rCorr    .                      (no ring)
MR       .....                  (no ring)
Stlth    +++.......             (no ring)
HPRegen  0.19/turn              (no ring)
MPRegen  0.16/turn              (no ring)
                                (no ring)
                                (no ring)

@: no status effects
A: almost no armour, stealthy swim, amphibious, 8 rings, constrict 8, camouflage
1, gelatinous body 1
a: Renounce Religion


You were on level 8 of the Dungeon.
You worshipped Vehumet.
Vehumet was noncommittal.
You visited 2 branches of the dungeon, and saw 9 of its levels.
You also visited: Ossuary.

You collected 604 gold pieces.

Inventory:

Hand Weapons
 s - the +9 hand crossbow "Awovim" {speed, MR+ Int+4}
   (You found it in an ossuary)

   Attacks with this weapon are significantly faster.
   It affects your intelligence (+4).
   It affects your resistance to hostile enchantments.
 E - a +2 dagger of venom (weapon)
Missiles
 o - 2 silver javelins (quivered)
 y - 50 bolts
Jewellery
 r - a ring of protection from cold (left tentacle)
Wands
 C - a wand of random effects (27)
 D - a wand of clouds (4)
Scrolls
 a - a scroll of magic mapping {unknown}
 c - 2 scrolls of fear
 d - 3 scrolls of amnesia
 f - 9 scrolls of identify
 h - 7 scrolls of remove curse {unknown}
 k - a scroll of enchant weapon {unknown}
 m - a scroll of noise {unknown}
 p - 3 scrolls of teleportation
 t - a scroll of holy word {unknown}
 v - 2 scrolls of blinking {unknown}
 x - 2 scrolls of enchant armour {unknown}
 B - a scroll of fog {unknown}
 F - a scroll of immolation {unknown}
Potions
 b - 3 potions of might {unknown}
 e - 2 potions of mutation {unknown}
 g - 2 potions of lignification {unknown}
 i - 4 potions of heal wounds {unknown}
 j - 7 potions of curing
 l - 2 potions of invisibility {unknown}
 n - a potion of stabbing {unknown}
 q - a potion of haste {unknown}
 u - a potion of magic {unknown}
 w - 2 potions of brilliance {unknown}
 z - a potion of degeneration {unknown}
 A - 2 potions of flight {unknown}


   Skills:
 - Level 4.0 Fighting
 - Level 4.0 Crossbows
 - Level 4.0 Dodging
 - Level 2.6 Stealth
 - Level 6.2 Spellcasting
 * Level 9.4 Conjurations


You had 17 spell levels left.
You knew the following spells:

 Your Spells              Type           Power        Failure   Level
a - Magic Dart            Conj           ####         1%          1
b - Searing Ray           Conj           ######       1%          2

Your spell library contained the following spells:

 Spells                   Type           Power        Failure   Level
 Dazzling Flash           Conj/Hex       ####..       3%          3
 Fulminant Prism          Conj/Hex       ####......   12%         4
 Iskenderun's Mystic Bla  Conj/Tloc      ####....     12%         4


Dungeon Overview and Level Annotations

Branches:
Dungeon (8/15)             Temple (1/1) D:6         Ossuary (visited)
   Lair: D:8-11

Altars:
Ashenzari
Cheibriados
Dithmenos
Elyvilon
Fedhas
Gozag
Hepliaklqana
Kikubaaqudgha
Makhleb
Nemelex Xobeh
Okawaru
Qazlal
Ru
Uskayaw
Vehumet
Wu Jian
Xom
Yredelemnul
The Shining One

Shops:
D:7 :

Annotations:
D:4 1 runed translucent door, Lanoc's ghost, novice MfCK


Innate Abilities, Weirdness & Mutations

You cannot wear most types of armour.
You are very stealthy in the water. (Stealth+)
You are amphibious.
You can wear up to eight rings at the same time.
You can use your tentacles to constrict eight enemies at once.
Your skin changes colour to match your surroundings (Stealth+).
Your rubbery body absorbs attacks. (AC +1, EV +1)


Message History

The searing ray hits the hippogriff!
The hippogriff is severely wounded.
The hound misses you. The hippogriff misses you. The hippogriff pecks you.
The hippogriff barely misses you.
The searing ray hits the hippogriff.
The hippogriff is almost dead.
You finish channeling your searing ray.
The hound barely misses you. The hound misses you. The hippogriff bites you!
* * * LOW HITPOINT WARNING * * *
The hippogriff pecks you.
* * * LOW HITPOINT WARNING * * *
The hippogriff claws you!
* * * LOW HITPOINT WARNING * * *
Unknown command.
Unknown command.
It was a potion of curing.
You feel better. The hound barely misses you. The hippogriff barely misses you.
The hippogriff pecks you.
* * * LOW HITPOINT WARNING * * *
The hippogriff claws you.
You die...

........# .).....
.. ...... .$...
..... .....
...###.....
..#.......
##Hh.....#
##.@.....$#.
##.....(.<...
#.###..........#
#................
.#.###<.......##
.. #........# #
..........#
.....#.....#
####.###....#


You could see a hippogriff and a hound.

Vanquished Creatures
  2 orc warriors
  An ice beast (D:5)
  A sky beast (D:7)
  2 ogres (D:6)
  A phantom (D:6)
  A wyvern zombie (D:6)
  7 water moccasin zombies
  A scorpion (D:7)
  3 killer bees
  2 howler monkeys
  2 jellies
  2 centaur zombies (D:7)
  4 hounds
  10 orc wizards
  5 orc priests
  2 iguanas
  4 worker ants
  3 big kobold zombies (Ossuary)
  A hound skeleton (D:7)
  2 mummies (Ossuary)
  A howler monkey zombie (D:6)
  Robin (D:2)
  5 gnolls
  A worker ant zombie (D:5)
  6 adders
  3 ufetubi
  3 oozes
  An adder skeleton (D:5)
  5 adder zombies
  2 worms
  2 dart slugs (D:1)
  2 leopard geckos
  33 orcs
  5 ball pythons
  9 bats
  10 giant cockroaches
  18 goblins
  10 hobgoblins
  11 jackals
  4 quokkas
  5 frilled lizards
  4 gnoll zombies (Ossuary)
  4 hobgoblin zombies (Ossuary)
  4 kobolds
  4 kobold zombies (Ossuary)
  2 orc zombies (Ossuary)
  6 rats
217 creatures vanquished.

Notes
Turn   | Place    | Note
-------+----------+-------------------------------------------
     0 | D:1      | gruber the Octopode Conjurer began the quest for the Orb.
     0 | D:1      | Reached XP level 1. HP: 11/11 MP: 3/3
     2 | D:1      | Noticed a gargoyle
     2 | D:1      | Noticed a dwarf
     4 | D:1      | Noticed a vine stalker
     4 | D:1      | Noticed a centaur
     6 | D:1      | Noticed a vampire
     6 | D:1      | Noticed a demonspawn
     8 | D:1      | Noticed a troll
     8 | D:1      | Noticed a halfling
    10 | D:1      | Noticed a minotaur
    10 | D:1      | Noticed a demigod
    12 | D:1      | Noticed an elf
    12 | D:1      | Noticed a human
    14 | D:1      | Noticed a formicid
    14 | D:1      | Noticed a naga
    16 | D:1      | Noticed a ghoul
    16 | D:1      | Noticed a felid
    18 | D:1      | Noticed a tengu
    20 | D:1      | Noticed an octopode
    22 | D:1      | Noticed an ogre
    24 | D:1      | Noticed a merfolk
    24 | D:1      | Noticed a spriggan
    26 | D:1      | Noticed a draconian
   331 | D:2      | Reached XP level 2. HP: 10/17 MP: 0/5
   534 | D:2      | Found a stormy altar of Qazlal.
   716 | D:2      | Learned a level 2 spell: Searing Ray
   731 | D:2      | Reached XP level 3. HP: 7/21 MP: 0/6
  1019 | D:1      | Reached skill level 5 in Conjurations
  1973 | D:2      | Reached XP level 4. HP: 27/27 MP: 5/8
  2223 | D:2      | Noticed Robin
  2361 | D:2      | Found a sacrificial altar of Ru.
  2366 | D:2      | Reached XP level 5. HP: 31/31 MP: 7/10
  2802 | D:2      | Killed Robin
  3251 | D:3      | You fall into a shaft and drop 2 floors!
  3251 | D:5      | Entered Level 5 of the Dungeon
  3307 | D:4      | Found a sand-covered staircase.
  3312 | Ossuary  | Entered an ossuary
  3327 | Ossuary  | Reached XP level 6. HP: 36/36 MP: 4/13
  3420 | Ossuary  | Reached skill level 5 in Spellcasting
  3921 | Ossuary  | Reached XP level 7. HP: 39/41 MP: 7/16
  3986 | Ossuary  | Reached skill level 1 in Fighting
  4220 | Ossuary  | Got a glimmering hand crossbow
  4684 | D:4      | Identified the +9 hand crossbow "Awovim" {speed, MR+ Int+4}
                  | (You found it in an ossuary)
  4960 | D:4      | Found a runed translucent door.
  4960 | D:4      | Noticed Lanoc's ghost (novice MfCK)
  5015 | D:4      | Reached XP level 8. HP: 54/54 MP: 11/17
  5743 | D:3      | Found a faded altar of an unknown god.
  6181 | D:3      | Reached skill level 1 in Crossbows
  6665 | D:5      | Found an iron altar of Okawaru.
  7492 | D:5      | Reached skill level 6 in Conjurations
  7738 | D:6      | Found a stormy altar of Qazlal.
  7861 | D:6      | Reached skill level 7 in Conjurations
  7861 | D:6      | Reached XP level 9. HP: 51/58 MP: 12/18
  8081 | D:6      | Reached skill level 8 in Conjurations
  8112 | D:6      | Found a staircase to the Ecumenical Temple.
  8153 | D:6      | Found a sparkling altar of Nemelex Xobeh.
  8153 | D:6      | Found a hazy altar of Hepliaklqana.
  8154 | D:6      | Found an ancient bone altar of Kikubaaqudgha.
  8178 | Temple   | Entered the Ecumenical Temple
  8234 | Temple   | Became a worshipper of Vehumet
  9083 | D:7      | Reached skill level 9 in Conjurations
  9318 | D:7      | Found a shimmering altar of Xom.
  9319 | D:7      | Found a shimmering altar of Xom.
  9319 | D:7      | Found a shimmering altar of Xom.
  9320 | D:7      | Found a shimmering altar of Xom.
  9320 | D:7      | Found a shimmering altar of Xom.
  9323 | D:7      | Found a shimmering altar of Xom.
  9325 | D:7      | Found a shimmering altar of Xom.
  9403 | D:7      | Found a shimmering altar of Xom.
  9403 | D:7      | Found a shimmering altar of Xom.
  9403 | D:7      | Found a shimmering altar of Xom.
  9404 | D:7      | Found Riudoe's Book Shop.
  9552 | D:8      | HP: 2/58 [hippogriff (7)]
  9553 | D:8      | Slain by a hippogriff

Illustrated notes

Levels and vault maps discovered:
D:1:      kb_arrival_jail, layout_rooms
D:2:      layout_basic, nicolae_ru_great_annihilating_truth,
          nicolae_qazlal_general_emergency, uniq_robin
D:3:      layout_basic, chequers_ecumenical_altar_twisty
D:4:      minmay_evil_eye, layout_basic, ebering_ghost_reflecting_pool,
          nicolae_ossuary_entry_plus
D:5:      layout_rooms, okawaru_ov_weapons_minmay, ebering_dispersal_statue_hall
D:6:      layout_rooms, marbit_many_paths, gammafunk_temple_overflow_forgotten,
          minmay_temple_entry_junction_2, lightli_orcish_oven
D:7:      layout_rooms, serial_shops, shop, xom_shifter_show
D:8:      layout_cave_pools, grunt_temple_overflow_order_and_chaos_1,
          old_standard_altar
Temple:   nicolae_temple_hex_pool

Skill      XL: |  1  2  3  4  5  6  7  8  9 |
---------------+----------------------------+-----
Conjurations   | 5 7 9 |  9.4
Spellcasting   | 3 4 6 |  6.2
Fighting       | 4 |  4.0
Dodging        | 3 4 |  4.0
Crossbows      | 4 |  4.0
Stealth        | |  2.6

Action                   |  1- 3 |  4- 6 |  7- 9 || total
-------------------------+-------+-------+-------++-------
Melee: Unarmed           |    30 |    15 |       ||    45
       Constrict         |     8 |     8 |    20 ||    36
       Tentacles         |     4 |     7 |     8 ||    19
       Rapier            |       |    23 |    64 ||    87
       Dagger            |       |       |    14 ||    14
 Fire: Hand crossbow     |       |       |    36 ||    36
Throw: Javelin           |       |     2 |       ||     2
 Cast: Magic Dart        |    35 |    15 |    17 ||    67
       Searing Ray       |     5 |    23 |    72 ||   100
  Use: Scroll            |       |       |     4 ||     4
       Potion            |       |       |     1 ||     1
 Stab: Sleeping          |     1 |     1 |     6 ||     8
Armor: Skin              |     4 |     7 |     4 ||    15
Dodge: Dodged            |    31 |    58 |   117 ||   206

Table legend: (Time is in decaauts)
 A = Elapsed time spent in this place.
 B = Non-inter-level travel time spent in this place.
 C = Inter-level travel time spent in this place.
 D = Time resting spent in this place.
 E = Time spent auto-exploring this place.
 F = Levels seen in this place.
 G = Mean time per level.
                   A        B        C        D        E       F      G
               +--------+--------+--------+--------+--------+-----+--------+
         Total |   9571 |   8962 |    609 |    484 |   7168 |  10 |  957.1 |
       Dungeon |   8549 |   7957 |    592 |    484 |   6311 |   8 | 1068.6 |
        Temple |     73 |     56 |     17 |      0 |     51 |   1 |   73.0 |
       Ossuary |    947 |    947 |      0 |      0 |    806 |   1 |  947.0 |
               +--------+--------+--------+--------+--------+-----+--------+

Top non-repeatable levels by time:
     D:2: 1974 daAuts
     D:4: 1371 daAuts
     D:1: 1252 daAuts
     D:6: 1231 daAuts
     D:3: 1044 daAuts
     D:5: 1039 daAuts
 Ossuary: 947 daAuts
     D:7: 623 daAuts
  Temple: 73 daAuts
     D:8: 13 daAuts
